 Dungeon Crawl Stone Soup version 0.31-a0-145-g046c7d2549 (webtiles) character file.

Game seed: 10736000231081184073

68486 2FriedEggs the Nimble (level 15, -9/94 HPs)
             Began as a Kobold Brigand on May 29, 2023.
             Was the Champion of Wu Jian.
             Killed from afar by a fire giant (59 damage)
             ... with a bolt of fire
             ... on level 13 of the Dungeon on June 6, 2023.
             The game lasted 01:38:02 (26617 turns).

2FriedEggs the Nimble (Kobold Brigand)             Turns: 26617, Time: 01:38:03

Health: -9/94      AC: 17    Str:  8    XL:     15   Next: 70%
Magic:  12/15      EV: 27    Int: 13    God:    Wu Jian [******]
Gold:   992        SH:  0    Dex: 24    Spells: 14/14 levels left

rFire   . . .        L - +3 scimitar (spect)
rCold   . . .        (no shield)
rNeg    . . .        a - +3 leather armour {rPois}
rPois   +            O - +2 helmet
rElec   .            c - +0 cloak
rCorr   .            (no gloves)
SInv    .            i - +2 pair of boots
Will    +....        E - amulet of faith
Stlth   +++++++      X - +4 ring of protection
HPRegen 0.35/turn    (no ring)
MPRegen 0.14/turn

%: faith
@: studying Axes
A: small, no large weapons, nightstalker 3, talons 1, MP-powered wands
a: Renounce Religion, Wall Jump, Serpent's Lash, Heavenly Storm


You were on level 13 of the Dungeon.
You worshipped Wu Jian.
Wu Jian was exalted by your worship.
You visited 2 branches of the dungeon, and saw 19 of its levels.
You also visited: Volcano.

You collected 1417 gold pieces.
You spent 425 gold pieces at shops.

Inventory:

Hand Weapons
 k - a +2 dagger of venom
 v - a +1 heavy scimitar
 B - the +3 dagger "Buelafee" {antimagic, rF+ rN+ Int+3 Dex-2}
   (You found it on level 6 of the Dungeon)

   Int:       It affects your intelligence (+3).
   Dex:       It affects your dexterity (-2).
   rF:        It protects you from fire.
   rN:        It protects you from negative energy.
 F - the +8 falchion "Viuced" {flame, rF+ rN++}
   (You found it on level 13 of the Dungeon)

   rF:        It protects you from fire.
   rN:        It greatly protects you from negative energy.
 L - a +3 spectral scimitar (weapon)
Missiles
 n - 6 boomerangs of dispersal
 p - 7 throwing nets (quivered)
 t - 4 curare-tipped darts
 T - 5 atropa-tipped darts
Armour
 a - a +3 leather armour of poison resistance (worn)
 c - a +0 cloak (worn)
 i - a +2 pair of boots (worn)
 O - a +2 helmet (worn)
 Y - an orb of wrath
Jewellery
 E - an amulet of faith (around neck)
 K - an amulet of magic regeneration
 X - a +4 ring of protection (left hand)
Wands
 d - a wand of digging (7)
 e - a wand of light (3)
 m - a wand of roots (4)
 I - a wand of charming (17)
 R - a wand of flame (12)
Scrolls
 b - a scroll of fear
 f - 3 scrolls of vulnerability
 g - a scroll of teleportation
 o - 5 scrolls of blinking
 q - 4 scrolls of immolation
 s - 6 scrolls of poison
 u - 2 scrolls of enchant weapon
 w - 3 scrolls of fog
 y - 3 scrolls of torment
 D - 3 scrolls of amnesia
 M - a scroll of magic mapping
 N - a scroll of summoning
 Z - a scroll of silence
Potions
 h - 5 potions of enlightenment
 j - 6 potions of curing
 l - a potion of resistance
 r - 5 potions of attraction
 x - 2 potions of cancellation
 z - a potion of berserk rage
 A - 3 potions of haste
 C - 2 potions of brilliance
 H - 3 potions of magic
 P - 6 potions of might
 Q - a potion of heal wounds
 U - 2 potions of invisibility
 W - 3 potions of ambrosia
Miscellaneous
 J - a piece from Xom's chessboard (13/15)
 S - a phantom mirror (inert)


   Skills:
 + Level 11.1 Fighting
 - Level 10.0(16.1) Short Blades
 - Level 13.4(14.0) Long Blades
 - Level 2.1 Throwing
 + Level 14.8 Dodging
 - Level 14.0 Stealth
 - Level 11.0 Evocations


You had 14 spell levels left.
You didn't know any spells.
Your spell library contained the following spells:

 Spells                   Type           Power      Damage    Failure   Level
 Beastly Appendage        Tmut           0%         N/A       41%         1
 Magic Dart               Conj           0%         1d3       41%         1
 Sandblast                Erth           0%         2d4       41%         1
 Summon Small Mammal      Summ           0%         N/A       41%         1
 Passwall                 Tmut/Erth      0%         N/A       56%         2
 Scorch                   Fire           0%         2d5       56%         2
 Wereblood                Tmut           0%         N/A       56%         2
 Call Canine Familiar     Summ           0%         N/A       80%         3
 Dazzling Flash           Conj/Hex       0%         N/A       80%         3
 Portal Projectile        Hex/Tloc       0%         N/A       80%         3
 Spider Form              Tmut/Pois      0%         N/A       80%         3
 Stone Arrow              Conj/Erth      0%         3d7       80%         3
 Summon Guardian Golem    Hex/Summ       0%         N/A       80%         3
 Tukima's Dance           Hex            0%         N/A       80%         3
 Volatile Blastmotes      Fire/Tloc      0%         2d10      80%         3
 Anguish                  Hex/Necr       0%         N/A       99%         4
 Animate Dead             Necr           0%         N/A       99%         4
 Cause Fear               Hex            0%         N/A       99%         4
 Flame Wave               Conj/Fire      0%         2d4       99%         4
 Iskenderun's Mystic Bla  Conj/Tloc      0%         2d3       99%         4
 Leda's Liquefaction      Hex/Erth       0%         N/A       99%         4
 Blade Hands              Tmut           0%         N/A       100%        5
 Borgnjor's Vile Clutch   Necr/Erth      0%         N/A       100%        5
 Lee's Rapid Deconstruct  Erth           0%         3d4*      100%        5
 Summon Forest            Summ/Tloc      0%         N/A       100%        5
 Summon Mana Viper        Hex/Summ       0%         N/A       100%        5
 Death Channel            Necr           0%         N/A       100%        6
 Leda's Unmaking          Conj/Erth      0%         9d1       100%        6
 Starburst                Conj/Fire      0%         6d3       100%        6
 Statue Form              Tmut/Erth      0%         N/A       100%        6
 Summon Cactus Giant      Summ           0%         N/A       100%        6
 Enfeeble                 Hex            0%         N/A       100%        7
 Chain Lightning          Conj/Air       0%         N/A       100%        9
 Fire Storm               Conj/Fire      0%         5d1       100%        9
 Shatter                  Erth           0%         3d5*      100%        9


Dungeon Overview and Level Annotations

Branches:
Dungeon (14/15)            Temple (0/1) D:5            Lair (5/5) D:10
 Shoals (0/4) Lair:3       Spider (0/4) Lair:2        Slime (0/5) Lair:4
    Orc (0/2) D:10        Volcano (visited)
 Vaults: D:13-14

Altars:
Ashenzari
Elyvilon
Hepliaklqana
Kikubaaqudgha
Makhleb
Nemelex Xobeh
Sif Muna
Uskayaw
Vehumet
Wu Jian
Xom
The Shining One
Jiyva

Shops:
D:1 !*[(   D:8 **   D:12 ?

Portals:
Hell: Lair:5

Annotations:
D:5 1 runed translucent door, Crazy Yiuf
Lair:2 1 runed translucent door, Pacea's ghost, journeyman OpWn


Innate Abilities, Weirdness & Mutations

You are small and have problems with some larger weapons.
You are completely attuned to the shadows.
You have sharp toenails.
You expend magic power (3 MP) to strengthen your wands.


Message History

g - Guard the area. f - Follow me.
Anything else - Cancel.
Gang up on whom?
Press: ? - help, Dir - move target, f/p - frost giant
Aim: a frost giant, wielding a +0 battleaxe of freezing (severely wounded, not watching you, ally target) Attack!
The frost giant hits your frost giant with a +0 battleaxe of freezing.
Your frost giant casts a spell at the frost giant.
The bolt of cold hits the frost giant.
The frost giant resists.
The frost giant casts a spell at your frost giant.
The bolt of cold hits your frost giant!
Your frost giant resists.
Your frost giant dies!
Your frost giant's corpse shimmers and vanishes!
Aiming: Charm
Press: ? - help, Shift-Dir - straight line, f/p - frost giant
Aim: a frost giant, wielding a +0 battleaxe of freezing (severely wounded, unaware, hasn't noticed you, chance to affect: 28%)
Okay, then.
Okay, then.
You make a move on Xom's chessboard...
The frost giant appears confused.
You are too injured to fight recklessly!
You slash the frost giant!
The frost giant is almost dead.
You lunge at the frost giant, in a flurry of attacks.
You strike the helpless frost giant from behind!
You slice the frost giant!!
You kill the frost giant!
The Council accepts your kill.
You make a move on Xom's chessboard...
The fire giant is outlined in light.
Aiming: Bolt of Light
Press: ? - help, Shift-Dir - straight line, f - fire giant
Aim: a fire giant, wielding a +0 great sword of flaming (softly glowing, 96% to hit)
You feel a surge of power!
The bolt of light hits the fire giant!!
The fire giant is moderately wounded.
The fire giant is blinded.
The fire giant barely misses you.
The fire giant gestures at you while chanting.
The bolt of fire hits you!!!
Ouch! That really hurt!
You die...

#).#.#..####...
#.....<........
##.#.#..#.##...
#.....###.....
###.##.#[##.##
#.##..###.## #.....#
#.##
##########.####.##
#@................
####.################
####.##C# #
#.....#)####### #
#.##.....C§÷..# ##
#.#####.#####.# #.
#.# #..# #.# #. #.#
##.# #.# #. #.# #.#
#.# #.


You could see a fire giant (blind, corona).

Vanquished Creatures
  A frost giant (D:13)
  A vault guard (D:13)
  Harold (D:10)
  5 hydras
  A catoblepas (Lair:1)
  2 centaur warriors (D:13)
  3 two-headed ogres
  Erica (D:9)
  2 boulder beetles (Lair:5)
  2 tengu warriors (D:13)
  A death yak (Lair:2)
  Urug (Lair:5)
  A skyshark (Lair:5)
  Amaemon (Lair:2)
  3 wizards
  3 ugly things
  6 cyclopes
  18 elephants
  Joseph (D:8)
  6 black mambas
  3 orange demons
  A gargoyle (D:12)
  3 torpor snails
  16 cane toads
  2 ice devils (Lair:5)
  Maggie (D:7)
  2 unseen horrors
  9 rime drakes
  An efreet (D:13)
  13 komodo dragons
  A queen bee (Lair:3)
  A meliai (shapeshifter) (D:13)
  6 trolls
  2 polar bears
  A hellwing (Lair:5)
  8 dream sheep
  A snapping turtle (Lair:3)
  5 slime creatures
  25 blink frogs
  A shadow (D:12)
  A jumping spider (Lair:2)
  3 spriggans (Lair:4)
  Eustachio (D:4)
  Sigmund (D:2)
  4 wyverns
  4 wraiths
  3 fire bats (Lair:3)
  27 yaks
  Grum (D:8)
  3 steam dragons
  3 basilisks
  6 vampire mosquitoes
  3 acid dragons
  3 hell hounds
  10 water moccasins
  2 ice beasts (D:6)
  6 orc warriors
  4 black bears
  26 wolves
  3 ogres
  7 centaurs
  A phantom (D:4)
  2 kobold brigands
  Blork the orc (D:5)
  16 bullfrogs
  A scorpion (D:6)
  9 wights
  33 killer bees
  4 electric eels
  7 howler monkeys
  3 hounds
  3 jellies
  Ijyb (D:4)
  8 orc priests
  2 sleepcaps
  An iguana (D:6)
  Jessica (D:2)
  Natasha (thrice) (D:4)
  20 orc wizards
  A gnoll (D:4)
  3 adders
  6 white imps
  3 worms (D:2)
  2 dart slugs (D:1)
  43 orcs
  6 endoplasms
  A giant cockroach (D:1)
  8 goblins
  9 hobgoblins
  7 jackals
  8 kobolds
  3 quokkas
  7 ball pythons
  5 bats
  3 frilled lizards
  7 rats
  2 butterflies (D:9)
523 creatures vanquished.

Vanquished Creatures (others)
  A tengu warrior (D:14)
1 creature vanquished.

Grand Total: 524 creatures vanquished

Notes
Turn   | Place    | Note
-------+----------+-------------------------------------------
     0 | D:1      | 2FriedEggs the Kobold Brigand began the quest for the Orb.
     0 | D:1      | Reached XP level 1. HP: 12/12 MP: 1/1
   146 | D:1      | Reached XP level 2. HP: 18/18 MP: 2/2
   204 | D:1      | Found Xuatwuuts's Antique Armour Boutique.
   379 | D:1      | Found Xirgh's Weapon Boutique.
   606 | D:1      | Reached XP level 3. HP: 22/22 MP: 3/3
   679 | D:1      | Found Qaitonu's Distillery.
   681 | D:1      | Found Gomexkib's Assorted Antiques.
   827 | D:2      | Found a faded altar of an unknown god.
   837 | D:2      | Noticed Sigmund
   857 | D:2      | Killed Sigmund
   858 | D:2      | Reached XP level 4. HP: 27/27 MP: 4/4
   858 | D:2      | Reached XP level 5. HP: 32/32 MP: 5/5
   858 | D:2      | Reached XP level 6. HP: 36/36 MP: 6/6
   975 | D:2      | Noticed Jessica
   978 | D:2      | Killed Jessica
  2060 | D:3      | Found an ornate altar of the Wu Jian Council.
  2071 | D:3      | Became a worshipper of the Wu Jian Council
  2415 | D:4      | Reached XP level 7. HP: 22/40 MP: 7/7
  2648 | D:4      | Found a burning altar of Makhleb.
  2731 | D:4      | Noticed Ijyb
  2765 | D:4      | Killed Ijyb
  2780 | D:4      | Noticed Eustachio
  2861 | D:4      | Noticed Natasha
  2867 | D:4      | Gained mutation: You are clumsy. (Dex -2) [potion of
                  | mutation]
  2867 | D:4      | Gained mutation: Your spells are a little harder to cast,
                  | but a little more powerful. [potion of mutation]
  2874 | D:4      | Killed Natasha
  2885 | D:4      | Killed Eustachio
  2885 | D:4      | Reached * piety under Wu Jian
  2886 | D:4      | Reached skill level 10 in Short Blades
  3062 | D:4      | Found a hazy altar of Hepliaklqana.
  3096 | D:4      | Noticed Natasha
  3106 | D:4      | Killed Natasha
  3165 | D:4      | Noticed Natasha
  3170 | D:4      | Killed Natasha
  3171 | D:4      | Reached XP level 8. HP: 43/46 MP: 8/8
  3273 | D:1      | Bought a scroll labelled HAUPPA MAZUO for 29 gold pieces
  3273 | D:1      | Bought a scroll labelled QIECAL QETEZU for 29 gold pieces
  3273 | D:1      | Bought a scroll labelled QIECAL QETEZU for 29 gold pieces
  3387 | D:4      | Noticed an Executioner
  3388 | D:4      | Noticed an orange demon
  3388 | D:4      | Noticed a smoke demon
  3531 | D:5      | Entered Level 5 of the Dungeon
  3541 | D:5      | Found a staircase to the Ecumenical Temple.
  3852 | D:5      | Noticed Blork the orc
  3863 | D:5      | Killed Blork the orc
  4165 | D:5      | Reached skill level 5 in Evocations
  4382 | D:5      | Found a runed translucent door.
  4385 | D:5      | Noticed Crazy Yiuf
  4728 | D:6      | Found a white marble altar of Elyvilon.
  4749 | D:6      | Reached skill level 5 in Fighting
  4794 | D:6      | Reached XP level 9. HP: 54/54 MP: 9/9
  5495 | D:6      | Identified the +3 dagger "Buelafee" {antimagic, rF+ rN+
                  | Int+3 Dex-2}
  5573 | D:6      | Found a sparkling altar of Nemelex Xobeh.
  5892 | D:7      | Found a broken altar of Ashenzari.
  5912 | D:7      | Found a glowing golden altar of the Shining One.
  6256 | D:7      | Reached ** piety under Wu Jian
  6307 | D:7      | Noticed a troll
  6856 | D:7      | Noticed Maggie
  6862 | D:7      | Killed Maggie
  6863 | D:7      | Reached skill level 5 in Dodging
  6863 | D:7      | Killed a troll
  6864 | D:7      | Reached XP level 10. HP: 33/60 MP: 10/10
  7105 | D:7      | Found a radiant altar of Vehumet.
  7115 | D:7      | Got Vehumet's Precepts of the Barrage
  7118 | D:7      | Found a shimmering blue altar of Sif Muna.
  7120 | D:7      | Found an ancient bone altar of Kikubaaqudgha.
  7157 | D:8      | Found Heaweun's General Store.
  7215 | D:8      | Noticed Grum
  7236 | D:8      | Killed Grum
  7242 | D:8      | Reached skill level 10 in Stealth
  7502 | D:1      | Bought a thin pearl amulet for 145 gold pieces
  7628 | D:8      | Bought a potion of heal wounds for 75 gold pieces
  7628 | D:8      | Bought a potion of degeneration for 15 gold pieces
  7750 | D:8      | Found a hide-covered altar of Uskayaw.
  7813 | D:8      | Found Igecvin's Assorted Antiques.
  7828 | D:8      | Noticed Joseph
  8459 | D:8      | Reached *** piety under Wu Jian
  8952 | D:8      | Killed Joseph
  9660 | D:9      | Reached XP level 11. HP: 66/68 MP: 11/11
  9688 | D:9      | Found a shimmering altar of Xom.
 10142 | D:8      | Bought a scroll labelled JIHETWEMOO for 23 gold pieces
 10714 | D:8      | Reached skill level 10 in Dodging
 11218 | D:9      | Noticed Erica
 11221 | D:9      | Killed Erica
 11419 | D:10     | Entered Level 10 of the Dungeon
 11505 | D:10     | Noticed Harold
 11509 | D:10     | Killed Harold
 11514 | D:10     | Found a staircase to the Lair.
 11662 | D:10     | Reached skill level 10 in Fighting
 11666 | D:10     | Reached skill level 1 in Long Blades
 12355 | D:10     | Noticed a two-headed ogre
 12549 | D:10     | Killed a two-headed ogre
 12613 | D:10     | Reached **** piety under Wu Jian
 12705 | D:10     | Found a staircase to the Orcish Mines.
 13077 | D:11     | Noticed a brown ugly thing
 13271 | Lair:1   | Entered Level 1 of the Lair of Beasts
 13519 | Lair:1   | Reached XP level 12. HP: 65/77 MP: 12/12
 13537 | Lair:1   | Reached skill level 5 in Long Blades
 13706 | Lair:1   | Noticed a catoblepas
 14359 | Lair:1   | Reached ***** piety under Wu Jian
 15278 | Lair:1   | Killed a catoblepas
 15635 | D:4      | Lost mutation: Your spells are a little harder to cast, but
                  | a little more powerful. [potion of mutation]
 15635 | D:4      | Lost mutation: You are clumsy. (Dex -2) [potion of
                  | mutation]
 15635 | D:4      | Gained mutation: You expend magic power (3 MP) to
                  | strengthen your wands. [potion of mutation]
 15635 | D:4      | Gained mutation: You have sharp toenails. [potion of
                  | mutation]
 16102 | Lair:2   | Found a hole to the Spider Nest.
 16284 | Lair:2   | Found a runed translucent door.
 16290 | Lair:2   | Noticed Pacea's ghost (journeyman OpWn)
 16674 | Lair:2   | Reached XP level 13. HP: 82/82 MP: 13/13
 16730 | Lair:2   | Noticed Amaemon
 16736 | Lair:2   | Killed Amaemon
 17013 | Lair:2   | Noticed a seven-headed hydra
 17024 | Lair:2   | Killed a three-headed hydra
 17638 | Lair:3   | Found a dark tunnel.
 17652 | Volcano  | Entered a volcano
 17800 | Volcano  | Upgraded the game from 0.31-a0-115-g4708a659fe to
                  | 0.31-a0-117-g42d8f58691
 17970 | Lair:3   | Upgraded the game from 0.31-a0-117-g42d8f58691 to
                  | 0.31-a0-145-g046c7d2549
 18841 | Lair:3   | Found a staircase to the Shoals.
 18916 | Lair:3   | Identified the +0 robe of the Threshing Gods {SInv}
 19003 | Lair:4   | Noticed an eight-headed hydra
 19007 | Lair:4   | Killed an eight-headed hydra
 19097 | Lair:4   | Reached ****** piety under Wu Jian
 19347 | Lair:4   | Reached XP level 14. HP: 88/88 MP: 14/14
 19390 | Lair:4   | Reached skill level 10 in Long Blades
 19405 | Lair:4   | Found a viscous altar of Jiyva.
 19406 | Lair:4   | Found a staircase to the Slime Pits.
 20418 | Lair:5   | Entered Level 5 of the Lair of Beasts
 20965 | Lair:5   | Noticed Urug
 21823 | Lair:5   | Reached XP level 15. HP: 72/92 MP: 15/15
 22472 | Lair:5   | Killed Urug
 22688 | Lair:5   | Found a burning altar of Makhleb.
 22694 | Lair:5   | Found a gateway to Hell.
 22698 | Lair:5   | Identified the +5 flail of Wit Pae {freeze, rF+ Stlth+}
 24089 | D:12     | Reached skill level 10 in Evocations
 24163 | D:12     | Found Reuvout's Magic Scroll Shop.
 24169 | D:12     | Bought a scroll of identify for 32 gold pieces
 24254 | D:12     | Bought a scroll of teleportation for 48 gold pieces
 25044 | D:13     | Identified the +8 falchion "Viuced" {flame, rF+ rN++}
 26580 | D:14     | Noticed a fire giant
 26580 | D:14     | Noticed a frost giant
 26609 | D:13     | Killed a frost giant
 26617 | D:13     | Killed from afar by a fire giant

Illustrated notes

Levels and vault maps discovered:
D:1:      co_arrival_random_square_maze, layout_loops_cross, serial_shops, shop,
          nicolae_shop_hallway_plus, shop, shop
D:2:      layout_loops_ring, ebering_ecumenical_altar_box,
          minmay_misc_feat_pillars, grunt_ministairs_15, uniq_jessica,
          uniq_sigmund
D:3:      layout_loops_ring, nzn_wu_jian_council_hall
D:4:      layout_rooms, makhleb_altar_promises_db, lemuel_doored_altar,
          minmay_misc_feat_iff, minmay_quadrilaterals, uniq_ijyb, uniq_natasha,
          uniq_eustachio
D:5:      layout_basic, minmay_temple_entry_gardened_gates,
          lexackson_kobold_supper, uniq_crazy_yiuf_cottage, uniq_blork_the_orc
D:6:      layout_loops_corners, nemelex_spade_bored_becter, elyvilon_altar_5
D:7:      layout_layer_cave, grunt_temple_overflow_magic_moments,
          ashenzari_altar_1, mainiacjoe_overflow_cross_hatched,
          minmay_manual_macuahuitl, uniq_maggie
D:8:      layout_basic, nicolae_uskayaw_murder_on_the_dancefloor, serial_shops,
          nicolae_shop_just_a_little_nook, nicolae_stop_n_shop_1,
          serial_bayou_pond_b, uniq_grum, uniq_joseph
D:9:      layout_irregular_city, xom_butterflies, uniq_erica
D:10:     layout_basic, lair_entry_dummy, minmay_orc_entry_temple_small,
          uniq_harold
D:11:     layout_stronghold
D:12:     layout_gridville, serial_shops, shop
D:13:     layout_loops_ring, lightli_vaults_fourway_checkpoint
D:14:     minmay_complete_graph, layout_layer_cave, hangedman_ru_absence,
          minmay_diamond_spiral
Lair:1:   layout_gridlike, nicolae_lair_lil_pond
Lair:2:   nzn_winding_woodlands_stair_trap [nzn_winding_woodlands_5x15_parted,
          nzn_winding_woodlands_5x15_crooked,
          nzn_winding_woodlands_5x15_pockets,
          nzn_winding_woodlands_15x15_five_gardens,
          nzn_winding_woodlands_5x15_zeroes,
          nzn_winding_woodlands_5x15_sawtooth,
          nzn_winding_woodlands_5x15_default], layout_cave_pods,
          spider_nest_entry_a, hellmonk_ghost_happy_afterlife, uniq_amaemon
Lair:3:   layout_cave_pods, minmay_shoals_entry_hut, special_room
          [special_room_bee], nicolae_volcano_entry_batcave
Lair:4:   beast_lair_carwin_large_2, layout_small_grid,
          minmay_slime_entry_pillars, serial_rivers,
          chequers_serial_rivers_small_a, chequers_serial_rivers_room_b,
          chequers_serial_rivers_marsh, chequers_serial_rivers_small_b,
          wad_woods_02, serial_bayou_shore_a
Lair:5:   evil_forest, layout_regular_city, grunt_forest_large_clearings,
          infiniplex_staircase_pool_2, uniq_urug

Skill      XL: |  1  2  3  4  5  6  7  8  9 10 11 12 13 14 15 |
---------------+----------------------------------------------+-----
Short Blades   | 3 7 8 10 | 10.0
Fighting       | 3 5 6 8 10 11 | 11.1
Evocations     | 2 6 8 9 11 | 11.0
Dodging        | 5 9 11 12 13 14 | 14.8
Stealth        | 8 10 11 14 | 14.0
Long Blades    | 4 8 9 12 13 | 13.4
Throwing       | |  2.1

Action                     |  1- 3 |  4- 6 |  7- 9 | 10-12 | 13-15 || total
---------------------------+-------+-------+-------+-------+-------++-------
  Melee: Dagger            |    50 |    87 |   296 |   471 |   232 ||  1136
         Punch             |       |     3 |     5 |    12 |    15 ||    35
         Short sword       |       |       |     8 |       |       ||     8
         Scimitar          |       |       |       |   319 |   661 ||   980
         Falchion          |       |       |       |       |    50 ||    50
  Throw: Dart              |       |       |     1 |    37 |       ||    38
         Throwing net      |       |       |       |     1 |       ||     1
 Invoke: Serpent's Lash    |       |       |       |     1 |       ||     1
         Heavenly Storm    |       |       |       |       |     2 ||     2
Ability: Lunge             |       |     2 |    37 |    42 |    91 ||   172
         Whirlwind         |       |       |     7 |    72 |    91 ||   170
         Wall Jump         |       |       |       |    15 |       ||    15
  Evoke: Wand              |       |       |     6 |    10 |     5 ||    21
         Piece from Xom's  |       |       |       |    19 |     2 ||    21
         Phantom mirror    |       |       |       |       |     1 ||     1
    Use: Potion            |       |       |     4 |     4 |     1 ||     9
         Scroll            |       |       |    11 |     9 |    12 ||    32
   Stab: Sleeping          |    16 |    13 |    32 |    47 |    66 ||   174
         Distracted        |     1 |       |       |     8 |    19 ||    28
         Invisible         |       |       |     1 |     1 |     4 ||     6
         Paralysed         |       |       |       |     2 |       ||     2
         Held in net/web   |       |       |       |     3 |       ||     3
         Confused          |       |       |       |       |     1 ||     1
 Armour: Robe              |     5 |     1 |       |       |       ||     6
         Leather armour    |       |     5 |    36 |   135 |   161 ||   337
  Dodge: Dodged            |    29 |    18 |   103 |   687 |   836 ||  1673

Table legend: (Time is in decaauts)
 A = Elapsed time spent in this place.
 B = Non-inter-level travel time spent in this place.
 C = Inter-level travel time spent in this place.
 D = Time resting spent in this place.
 E = Time spent auto-exploring this place.
 F = Levels seen in this place.
 G = Mean time per level.
                   A        B        C        D        E       F      G
               +--------+--------+--------+--------+--------+-----+--------+
         Total |  26228 |  24033 |   2195 |   5135 |  13620 |  20 | 1311.4 |
       Dungeon |  17026 |  15260 |   1766 |   3399 |   8585 |  14 | 1216.1 |
          Lair |   9051 |   8622 |    429 |   1680 |   5034 |   5 | 1810.2 |
       Volcano |    150 |    150 |      0 |     56 |      0 |   1 |  150.0 |
               +--------+--------+--------+--------+--------+-----+--------+

Top non-repeatable levels by time:
     D:7: 2245 daAuts
  Lair:5: 2148 daAuts
  Lair:1: 2112 daAuts
    D:10: 1926 daAuts
     D:8: 1802 daAuts
  Lair:2: 1785 daAuts
  Lair:4: 1737 daAuts
    D:13: 1448 daAuts
     D:6: 1358 daAuts
  Lair:3: 1267 daAuts
     D:5: 1205 daAuts
     D:9: 1202 daAuts
     D:4: 1149 daAuts
    D:11: 1066 daAuts
    D:12: 1000 daAuts
